 Dungeon Crawl Stone Soup version 0.31-a0-876-gfe8ebadbca (webtiles) character file.

Game seed: 13780544411978971483

16878 kae the Jinx (level 12, -3/92 HPs)
             Began as a Demonspawn Enchanter on Oct 13, 2023.
             Was a Priest of Dithmenos.
             Slain by a seven-headed hydra (13 damage)
             ... on level 13 of the Dungeon.
             The game lasted 00:14:18 (12572 turns).

kae the Jinx (Demonspawn Enchanter)                Turns: 12572, Time: 00:14:19

Health: -3/92      AC: 15    Str: 19    XL:     12   Next: 13%
Magic:  0/7        EV: 11    Int: 23    God:    Dithmenos [***...]
Gold:   548        SH:  4    Dex: 11    Spells: 14/25 levels left

rFire   + + +        b - +10 rapier "Ythrim" {antimagic, rC+}
rCold   + + .        (no shield)
rNeg    . . .        w - +1 ring mail "Cuciurph" {rF+++ Regen+ Str-2 Dex-2}
rPois   .            E - +1 helmet {Int+3}
rElec   .            x - +0 cloak
rCorr   .            (gloves unavailable)
SInv    .            (no boots)
Will    .....        k - amulet of Doors {Spirit rF+ Str+4}
Stlth   ++++         C - ring of protection from cold
HPRegen 1.15/turn    S - +6 ring of strength
MPRegen 0.10/turn

%: guardian spirit
@: wreathed by umbra
A: icemail 1, powered by pain 1, sharp scales 2, condensation shield, demonic
touch 3
a: Renounce Religion, Shadow Step


You were on level 13 of the Dungeon.
You worshipped Dithmenos.
Dithmenos was most pleased with you.
You visited 2 branches of the dungeon, and saw 14 of its levels.
You also visited: Bailey.

You collected 795 gold pieces.
You spent 247 gold pieces at shops.


Innate Abilities, Weirdness & Mutations

A meltable icy envelope protects you from harm. (AC +4)
You sometimes gain a little power by taking damage.
You are mostly covered in razor-sharp scales. (AC +2, Slay +2)
A meltable shield of frost defends you. (SH +4)
Your touch may irresistibly damage your foes and sap their willpower.


   Skills:
 + Level 7.7 Fighting
 * Level 9.8 Short Blades
 - Level 1.7 Dodging
 + Level 8.3 Stealth
 + Level 7.2 Spellcasting
 * Level 11.2 Hexes


You had 14 spell levels left.
You knew the following spells:

 Your Spells              Type           Power      Damage    Failure   Level
a - Ensorcelled Hibernat  Hex/Ice        68%        N/A       1%          2
b - Confusing Touch       Hex            56%        N/A       1%          3
c - Tukima's Dance        Hex            56%        N/A       1%          3
d - Dazzling Flash        Conj/Hex       68%        N/A       4%          3

Your spell library contained the following spells:

 Spells                   Type           Power      Damage    Failure   Level
 Passwall                 Tmut/Erth      6%         N/A       21%         2
 Swiftness                Air            8%         N/A       36%         3
 Volatile Blastmotes      Fire/Tloc      16%        2d11      36%         3
 Yara's Violent Unravell  Hex/Tmut       17%        3d8       36%         5
 Passage of Golubria      Tloc           8%         N/A       78%         4
 Starburst                Conj/Fire      4%         6d3       100%        6
 Maxwell's Capacitive Co  Air            4%         ∞         100%        8

Inventory:

Hand Weapons
 a - a +2 short sword of protection
   (You took it off a kobold on level 3 of the Dungeon)
 b - the +10 rapier "Ythrim" (weapon) {antimagic, rC+}
   (You took it off Joseph on level 7 of the Dungeon)

   rC+:       It protects you from cold.
 y - a +3 dagger of speed
   (You found it in a bailey)
Missiles
 d - 59 stones
 t - 5 atropa-tipped darts
 z - 24 poisoned darts
 N - 3 boomerangs
 Q - 2 curare-tipped darts {=f}
Armour
 s - a +1 pair of gloves
   (You found it on level 3 of the Dungeon)
 u - +0 steam dragon scales
   (You found it on level 6 of the Dungeon)
 w - the +1 ring mail "Cuciurph" (worn) {rF+++ Regen+ Str-2 Dex-2}
   (You found it in a bailey)

   Str-2:     It affects your strength (-2).
   Dex-2:     It affects your dexterity (-2).
   rF+++:     It renders you almost immune to fire.
   Regen+:    It increases your rate of health regeneration.
 x - a +0 cloak (worn)
   (You took it off Crazy Yiuf on level 7 of the Dungeon)
 E - a +1 helmet of intelligence (worn)
   (You bought it in a shop on level 9 of the Dungeon)
Magical Staves
 B - a staff of poison {!a}
   (You found it on level 9 of the Dungeon)
 D - the staff "Neawej" {Drain rElec rC+ Str+4 Dex+2 Air, !a}
   (You found it on level 9 of the Dungeon)

   [staff of air]

   Base accuracy: +5 Base damage: 5 Base attack delay: 1.2 This weapon's minimum
   attack delay (0.6) is reached at skill level 12.
   Str+4:     It affects your strength (+4).
   Dex+2:     It affects your dexterity (+2).
   rC+:       It protects you from cold.
   rElec:     It insulates you from electricity.
   Drain:     It drains your maximum health when unequipped.
   Air:       It increases the power of your Air spells.
   It falls into the 'Staves' category.
   It is a one-handed weapon.
Jewellery
 f - a ring of protection from fire
   (You found it on level 13 of the Dungeon)
 k - the amulet of Doors (around neck) {Spirit rF+ Str+4}
   (You found it on level 9 of the Dungeon)

   [amulet of guardian spirit]

   Spirit:    It causes incoming damage to be divided between your reserves of
   health and magic.
   Str+4:     It affects your strength (+4).
   rF+:       It protects you from fire.
 C - a ring of protection from cold (left hand)
   (You found it on level 3 of the Dungeon)
 F - a ring of protection from fire
   (You found it on level 3 of the Dungeon)
 I - a +6 ring of intelligence
   (You found it on level 9 of the Dungeon)
 R - a ring of resist corrosion
   (You found it on level 14 of the Dungeon)
 S - a +6 ring of strength (right hand)
   (You found it on level 6 of the Dungeon)
Wands
 p - a wand of flame (15)
   (You took it off a goblin on level 3 of the Dungeon)
 J - a wand of mindburst (8)
   (You found it on level 10 of the Dungeon)
 M - a wand of polymorph (5)
   (You found it on level 11 of the Dungeon)
 T - a wand of iceblast (6)
   (You took it off Sonja on level 13 of the Dungeon)
Scrolls
 l - 2 scrolls of fog
 n - 2 scrolls of teleportation {@r4}
 o - a scroll of revelation
 v - 6 scrolls of identify {@r1}
 G - a scroll of fear
 H - a scroll of enchant armour
 L - a scroll of torment {!r}
 O - a scroll of enchant weapon
 P - a scroll of amnesia
 U - 6 scrolls of vulnerability {!r!r}
Potions
 c - 3 potions of invisibility
 e - a potion of might
 g - a potion of magic
 h - 4 potions of attraction {!q}
 i - a potion of curing {@q1}
 j - a potion of haste {@q3}
 m - 3 potions of ambrosia
 q - a potion of degeneration {!q}
 r - a potion of berserk rage {!q}
 A - 2 potions of mutation {!q}
 K - a potion of enlightenment

Dungeon Overview and Level Annotations

Branches:
Dungeon (14/15) Zot: 26701  Temple (1/1) D:6 Zot: 5949    Lair (0/5) D:8
    Orc (0/2) D:9          Bailey (visited)
 Vaults: D:13-14

Altars:
Ashenzari
Cheibriados
Dithmenos
Fedhas
Gozag
Hepliaklqana
Kikubaaqudgha
Makhleb
Nemelex Xobeh
Okawaru
Qazlal
Ru
Sif Muna
Trog
Uskayaw
Vehumet
Wu Jian
Xom
Yredelemnul

Shops:
D:9 *

Annotations:
D:9 1 runed translucent door

#.........#...'.#.....
#...!........####.....
#.##...#####..# ##+###
#..†.......#.##
#.#######..#.# #.#
#..#.## #.# #..#..#
#.#.#####..#..#
#.#.D@)....#..+
#.##########..#
#.............#
#...)..+#######
######..# #.## #.# <.#
.##


You could see a seven-headed hydra (confused, weak-willed).


Message History

The seven-headed hydra roars!
You closely miss the vault guard.
You touch the vault guard!!
You sap its willpower!
The vault guard hits you with a +2 battleaxe of freezing. 😕 HP[-3]
You take 3 damage, and now have 89/92 hp.
Casting: Confusing Touch (safe; 1% risk of failure)
Confirm with . or Enter, or press ? or * to list all spells.
Your hands begin to glow red.
The vault guard hits you with a +2 battleaxe of freezing.
The vault guard hits you with a +2 battleaxe of freezing!
The vault guard freezes you. 😕 HP[-19] MP[-3]
You take 19 damage, and now have 70/92 hp.
MASSIVE DAMAGE!! (PAUSE)
You lost 3 mp, and now have 4/7 mp.
You hit the vault guard but do no damage.
The vault guard appears confused.
The vault guard barely misses you. 😕 HP[+1]
You hit the vault guard.
You touch the vault guard!!
You sap its willpower! 😕 HP[+1]
You puncture the vault guard!
You touch the vault guard!!
You sap its willpower! 😕 HP[+1]
You catch the helpless vault guard completely off-guard!
You impale the vault guard!!
You kill the vault guard!
Dithmenos accepts your kill.
Casting: Confusing Touch (safe; 1% risk of failure)
Confirm with . or Enter, or press ? or * to list all spells.
Your hands begin to glow red.
The seven-headed hydra bites you!
The seven-headed hydra bites you but does no damage.
The seven-headed hydra bites you. x2
The seven-headed hydra closely misses you.
The seven-headed hydra bites you!
You block the seven-headed hydra's attack.
The seven-headed hydra bites you but does no damage.
The seven-headed hydra closely misses you.
You block the seven-headed hydra's attack.
The seven-headed hydra bites you but does no damage. x3
The seven-headed hydra bites you. 😮 HP[-26] MP[-4]
You take 26 damage, and now have 47/92 hp.
MASSIVE DAMAGE!! (PAUSE)
You lost 4 mp, and now have 0/7 mp.
You hit the seven-headed hydra but do no damage.
The seven-headed hydra appears confused. 😮 HP[+1]
You hit the seven-headed hydra. The seven-headed hydra bites you!
* * * LOW HITPOINT WARNING * * *
The seven-headed hydra bites you but does no damage.
The seven-headed hydra barely misses you.
You block the seven-headed hydra's attack.
The seven-headed hydra barely misses you.
The seven-headed hydra bites you.
* * * LOW HITPOINT WARNING * * *
The seven-headed hydra bites you.
* * * LOW HITPOINT WARNING * * *
😨 HP[-10]
You take 10 damage, and now have 38/92 hp.
Unknown command.
You puncture the seven-headed hydra!
You touch the seven-headed hydra.
You sap its willpower! 😨 HP[+1]
You puncture the seven-headed hydra! 😨 HP[+1] MP[+1] Unknown command.
The seven-headed hydra bites you but does no damage.
The seven-headed hydra bites you.
* * * LOW HITPOINT WARNING * * *
The seven-headed hydra bites you.
* * * LOW HITPOINT WARNING * * *
The seven-headed hydra closely misses you.
The seven-headed hydra bites you but does no damage.
The seven-headed hydra misses you.
The seven-headed hydra bites you but does no damage.
Things that are here:
a +2 battleaxe of freezing; a +0 chain mail; a human corpse 😨 HP[-6] MP[-1]
You take 6 damage, and now have 34/92 hp.
You lost 1 mp, and now have 0/7 mp.
You barely miss the seven-headed hydra.
You touch the seven-headed hydra.
You sap its willpower! 😨 HP[+1] Unknown command. 😨 HP[+1]
You puncture the seven-headed hydra!
You touch the seven-headed hydra!
You sap its willpower! 😨 HP[+1]
You hit the seven-headed hydra. The seven-headed hydra bites you!
* * * LOW HITPOINT WARNING * * *
The seven-headed hydra bites you!
* * * LOW HITPOINT WARNING * * *
The seven-headed hydra bites you but does no damage.
The seven-headed hydra bites you!
* * * LOW HITPOINT WARNING * * *
The seven-headed hydra bites you.
* * * LOW HITPOINT WARNING * * *
The seven-headed hydra bites you!
You die...

Skill      XL: |  1  2  3  4  5  6  7  8  9 10 11 |
---------------+----------------------------------+-----
Short Blades   | 1 2 3 4 5 7 8 9 |  9.8
Fighting       | 1 2 3 4 5 6 7 |  7.7
Stealth        | 3 4 5 6 7 8 |  8.3
Hexes          | 4 5 7 8 9 11 | 11.2
Spellcasting   | 3 4 5 6 7 |  7.2
Dodging        | |  1.7

Action                     |  1- 3 |  4- 6 |  7- 9 | 10-12 || total
---------------------------+-------+-------+-------+-------++-------
  Melee: Dagger            |   108 |    59 |       |       ||   167
         Punch             |     3 |       |     2 |     4 ||     9
         Short sword       |       |   101 |   236 |     4 ||   341
         Touch             |       |       |    63 |    65 ||   128
         Rapier            |       |       |     9 |   326 ||   335
   Cast: Ensorcelled Hiber |     8 |    13 |    43 |    33 ||    97
         Confusing Touch   |       |     2 |    10 |     3 ||    15
    Use: Scroll            |     3 |     5 |    11 |     5 ||    24
         Potion            |     1 |       |       |     3 ||     4
   Stab: Sleeping          |     8 |    14 |    29 |    21 ||    72
         Distracted        |     1 |       |       |       ||     1
         Confused          |       |     5 |     7 |     1 ||    13
 Armour: Robe              |    59 |    78 |    50 |       ||   187
         Steam dragon scal |       |       |    71 |    70 ||   141
         Ring mail         |       |       |       |   264 ||   264
  Dodge: Dodged            |    56 |    86 |    99 |   239 ||   480
  Block: Other             |    11 |    26 |    27 |    71 ||   135

Levels and vault maps discovered:
D:1:      tarquinn_simple_flora_water_a, layout_basic,
          hellmonk_ecumenical_altar_heavens_door
D:2:      layout_loops_ring, uniq_natasha, uniq_terence, uniq_sigmund
D:3:      layout_rooms, mainiacjoe_overflow_cross_hatched,
          vehumet_altar_wand_db, amcnicky_mini_pool_small, uniq_jessica,
          uniq_robin
D:4:      layout_basic, nicolae_overflow_crystal_walls
D:5:      layout_basic, mainiacjoe_overflow_brackets, bloody_trog,
          mainiacjoe_overflow_paths, kennysheep_little_box, minmay_diced_spiral
D:6:      minmay_skewed_foursquare, layout_basic, kennysheep_slug_shrine,
          minmay_temple_entry_mist, bh_walls_and_bars, uniq_edmund
D:7:      layout_basic, uniq_maggie, uniq_pikel, uniq_menkaure,
          uniq_crazy_yiuf_cottage, uniq_joseph
D:8:      layout_loops_ring, nicolae_wu_jian_immortal_techniques,
          lair_entry_dummy, enter_bailey_3
D:9:      layout_irregular_city, dk_yredelemnul_ordeal, orc_0_dummy,
          serial_shops, shop, minmay_diamond_spiral
D:10:     layout_basic, nicolae_ashenzari_panopticon,
          nicolae_hepliaklqana_monster_ancestors, serial_glass, glass_columns_b,
          glass_columns_b, pond
D:11:     layout_stronghold, minmay_misc_feat_secret_circle
D:13:     layout_roguey, david_vaults_4, nrook_pool_corridor, uniq_frances,
          uniq_sonja
D:14:     layout_layer_cave, serial_park_tiny_2, chequers_mini_garden,
          minivault_25_ag, uniq_snorg
Temple:   hellmonk_temple_beads

Notes
Turn   | Place    | Note
-------+----------+-------------------------------------------
     0 | D:1      | kae the Demonspawn Enchanter began the quest for the Orb.
     0 | D:1      | Reached XP level 1. HP: 13/13 MP: 3/3
     0 | D:1      | magus.rc [v1.11.3]
   103 | D:1      | Reached skill level 1 in Short Blades
   198 | D:1      | Gained mutation: A meltable shield of frost defends you.
                  | (SH +4) [demonic ancestry]
   198 | D:1      | Reached XP level 2. HP: 18/20 MP: 5/5
   283 | D:1      | Found a faded altar of an unknown god.
   911 | D:2      | Noticed Natasha
   923 | D:2      | Killed Natasha
   924 | D:2      | Reached skill level 1 in Fighting
   924 | D:2      | Reached skill level 3 in Stealth
   924 | D:2      | Gained mutation: You sometimes gain a little power by
                  | taking damage. [demonic ancestry]
   924 | D:2      | Reached XP level 3. HP: 10/26 MP: 6/6
   927 | D:2      | Learned a level 2 spell: Ensorcelled Hibernation
   931 | D:2      | Learned a level 3 spell: Confusing Touch
  1127 | D:2      | Noticed Terence
  1133 | D:2      | HP: 1/26 [Terence/+0 flail (9)]
  1434 | D:2      | Noticed Natasha
  1456 | D:2      | Killed Natasha
  1457 | D:2      | Reached skill level 2 in Short Blades
  1457 | D:2      | Gained mutation: You are partially covered in razor-sharp
                  | scales. (AC +1, Slay +1) [demonic ancestry]
  1457 | D:2      | Reached XP level 4. HP: 11/32 MP: 2/7
  1520 | D:2      | Noticed Natasha
  1534 | D:2      | Killed Natasha
  1617 | D:2      | Noticed Sigmund
  1777 | D:2      | Killed Terence
  1778 | D:2      | Gained mutation: You are mostly covered in razor-sharp
                  | scales. (AC +2, Slay +2) [demonic ancestry]
  1778 | D:2      | Reached XP level 5. HP: 27/37 MP: 5/8
  2093 | D:2      | Learned a level 3 spell: Tukima's Dance
  2117 | D:2      | Killed Sigmund
  2118 | D:2      | Reached skill level 2 in Fighting
  2118 | D:2      | Reached skill level 3 in Short Blades
  2118 | D:2      | Reached skill level 4 in Hexes
  2118 | D:2      | Gained mutation: A meltable icy envelope protects you from
                  | harm. (AC +4) [demonic ancestry]
  2118 | D:2      | Reached XP level 6. HP: 31/44 MP: 8/10
  2358 | D:3      | Identified the +9 spear of Dissolution {holy, +Blink}
  2411 | D:3      | Found a radiant altar of Vehumet.
  2411 | D:3      | Noticed Jessica
  2412 | D:3      | Noticed Robin
  2456 | D:3      | Killed Robin
  2480 | D:3      | Killed Jessica
  2481 | D:3      | Reached skill level 3 in Spellcasting
  2666 | D:3      | Found a shimmering altar of Xom.
  3164 | D:4      | Gained mutation: Your touch may inflict minor irresistible
                  | damage on your foes. [demonic ancestry]
  3164 | D:4      | Reached XP level 7. HP: 49/51 MP: 11/11
  3222 | D:4      | Reached skill level 4 in Stealth
  3222 | D:4      | Reached skill level 5 in Hexes
  4122 | D:5      | Entered Level 5 of the Dungeon
  4162 | D:5      | Found a bloodstained altar of Trog.
  4215 | D:5      | Reached skill level 3 in Fighting
  4255 | D:5      | You pick up a book of Spectacle and begin reading...
  4255 | D:5      | You add the spells Volatile Blastmotes, Starburst and
                  | Maxwell's Capacitive Coupling to your library.
  4314 | D:5      | Found an iron altar of Okawaru.
  4370 | D:5      | Reached skill level 4 in Short Blades
  4381 | D:5      | Reached XP level 8. HP: 57/58 MP: 8/13
  5132 | D:6      | Reached skill level 6 in Hexes
  5212 | D:6      | Noticed Edmund
  5220 | D:6      | Killed Edmund
  5221 | D:6      | Reached skill level 5 in Short Blades
  5221 | D:6      | Reached skill level 4 in Spellcasting
  5491 | D:6      | Found a staircase to the Ecumenical Temple.
  5505 | D:6      | Reached skill level 4 in Fighting
  5505 | D:6      | Reached skill level 5 in Stealth
  5510 | Temple   | Entered the Ecumenical Temple
  5535 | Temple   | Became a worshipper of Dithmenos the Shadowed
  5627 | D:6      | Found a snail-covered altar of Cheibriados.
  6039 | D:7      | Noticed Maggie
  6043 | D:7      | Noticed Pikel
  6080 | D:7      | Killed Pikel
  6081 | D:7      | Reached skill level 7 in Hexes
  6081 | D:7      | Gained mutation: Your touch may inflict irresistible damage
                  | on your foes. [demonic ancestry]
  6081 | D:7      | Reached XP level 9. HP: 54/66 MP: 4/15
  6085 | D:7      | Killed Maggie
  6086 | D:7      | Reached skill level 6 in Short Blades
  6204 | D:7      | Noticed Menkaure
  6238 | D:7      | Killed Menkaure
  6429 | D:7      | Reached skill level 5 in Fighting
  6534 | D:7      | Identified the +10 rapier "Ythrim" {antimagic, rC+}
  6534 | D:7      | Noticed Joseph
  6548 | D:7      | HP: 15/68 [Joseph/the +10 rapier "Ythrim" {antimagic, rC+}
                  | (5)]
  6556 | D:7      | HP: 11/68 [Joseph/the +10 rapier "Ythrim" {antimagic, rC+}
                  | (5)]
  6558 | D:7      | Killed Joseph
  6559 | D:7      | Reached skill level 6 in Stealth
  6559 | D:7      | Reached skill level 5 in Spellcasting
  6559 | D:7      | Reached skill level 8 in Hexes
  6805 | D:7      | Reached * piety under Dithmenos
  7300 | D:7      | Found a runed translucent door.
  7301 | D:7      | Noticed Crazy Yiuf
  7376 | D:7      | Killed Crazy Yiuf
  7604 | D:8      | Found an ornate altar of the Wu Jian Council.
  7639 | D:8      | Noticed a two-headed ogre
  7648 | D:8      | Killed a two-headed ogre
  7649 | D:8      | Reached skill level 7 in Short Blades
  7649 | D:8      | Gained mutation: Your touch may irresistibly damage your
                  | foes and sap their willpower. [demonic ancestry]
  7649 | D:8      | Reached XP level 10. HP: 57/74 MP: 1/18
  7649 | D:8      | Found a flagged portal.
  7675 | Bailey   | Entered a bailey
  7759 | Bailey   | HP: 19/76 [orc/+0 trident (3)]
  7762 | Bailey   | HP: 7/76 [orc warrior/+0 glaive (6)]
  7763 | Bailey   | HP: 1/76 [orc/+0 trident (6)]
  7802 | Bailey   | HP: 16/76 [orc warrior/+0 halberd (9)]
  7808 | Bailey   | HP: 24/114 [orc/+0 spear (2)]
  8022 | Bailey   | Noticed an orc knight
  8055 | Bailey   | Killed an orc knight
  8145 | Bailey   | Found a large runed translucent door.
  8145 | Bailey   | Found a large runed translucent door.
  8146 | Bailey   | Noticed a deep elf pyromancer
  8239 | Bailey   | Killed a deep elf pyromancer
  8240 | Bailey   | Reached skill level 6 in Fighting
  8240 | Bailey   | Reached skill level 9 in Hexes
  8305 | Bailey   | Identified the +1 ring mail "Cuciurph" {rF+++ Regen+ Str-2
                  | Dex-2}
  8400 | D:8      | Noticed a two-headed ogre
  8410 | D:8      | Killed a two-headed ogre
  8776 | D:8      | Found a staircase to the Lair.
  8937 | D:9      | Found a staircase to the Orcish Mines.
  8948 | D:9      | Reached skill level 8 in Short Blades
  8952 | D:9      | Reached skill level 7 in Stealth
  8954 | D:9      | Reached ** piety under Dithmenos
  8965 | D:9      | Found a runed translucent door.
  8970 | D:9      | Identified the amulet of Doors {Spirit rF+ Str+4}
  9039 | D:9      | Reached skill level 6 in Spellcasting
  9053 | D:9      | HP: 18/76 [poisoned by a killer bee]
  9056 | D:9      | HP: 8/77 [killer bee (3)]
  9147 | D:9      | Noticed a tengu warrior
  9158 | D:9      | Killed a tengu warrior
  9200 | D:9      | You pick up a book of Burglary and begin reading...
  9200 | D:9      | You add the spells Passwall and Swiftness to your library.
  9210 | D:9      | Reached XP level 11. HP: 83/83 MP: 6/20
  9223 | D:9      | Identified the staff "Neawej" {Drain rElec rC+ Str+4 Dex+2
                  | Air}
  9413 | D:9      | Found Faquntoo's Assorted Antiques.
  9421 | D:9      | Bought a shiny helmet for 247 gold pieces
  9722 | D:9      | Found a basalt altar of Yredelemnul.
  9865 | D:10     | Entered Level 10 of the Dungeon
 10276 | D:10     | Noticed a two-headed ogre
 10295 | D:10     | Killed a two-headed ogre
 10296 | D:10     | Reached skill level 10 in Hexes
 10364 | D:10     | Reached skill level 7 in Fighting
 10833 | D:10     | Found a hazy altar of Hepliaklqana.
 10864 | D:10     | Found a broken altar of Ashenzari.
 11010 | D:11     | Reached skill level 9 in Short Blades
 11158 | D:11     | Learned a level 3 spell: Dazzling Flash
 11241 | D:11     | Reached *** piety under Dithmenos
 11482 | D:11     | You add the spells Passage of Golubria and Yara's Violent
                  | Unravelling to your library.
 11794 | D:11     | You fall into a shaft and drop 3 floors!
 11845 | D:14     | Noticed a red ugly thing
 11845 | D:14     | Noticed a red ugly thing
 11856 | D:14     | Killed a red ugly thing
 11857 | D:14     | Reached skill level 8 in Stealth
 11892 | D:14     | Noticed a red ugly thing
 11917 | D:14     | Killed a red ugly thing
 12113 | D:14     | Noticed a deep elf pyromancer
 12126 | D:14     | Killed a deep elf pyromancer
 12234 | D:14     | Noticed a skeletal warrior
 12234 | D:14     | Noticed a skeletal warrior
 12234 | D:14     | Noticed a phantasmal warrior
 12234 | D:14     | Noticed a death knight
 12275 | D:13     | Noticed a centaur warrior
 12376 | D:13     | Killed a centaur warrior
 12377 | D:13     | Reached skill level 7 in Spellcasting
 12412 | D:13     | Noticed Sonja
 12419 | D:13     | Killed Sonja
 12420 | D:13     | Reached skill level 11 in Hexes
 12420 | D:13     | Reached XP level 12. HP: 91/91 MP: 7/22
 12526 | D:13     | Noticed a seven-headed hydra
 12526 | D:13     | Noticed a vault guard
 12561 | D:13     | Killed a vault guard
 12572 | D:13     | HP: 23/92 [seven-headed hydra (8)]
 12572 | D:13     | HP: 10/92 [seven-headed hydra (2)]
 12572 | D:13     | Slain by a seven-headed hydra

Vanquished Creatures
  A vault guard (D:13)
  A centaur warrior (D:13)
  3 two-headed ogres
  A tengu warrior (D:9)
  Sonja (D:13)
  Pikel (D:7)
  An orc knight (Bailey)
  2 ugly things (D:14)
  3 deep elf pyromancers
  3 cyclopes
  Joseph (D:7)
  Maggie (D:7)
  A komodo dragon (shapeshifter) (D:13)
  A komodo dragon (D:11)
  A troll (D:11)
  A hornet (D:7)
  Sigmund (D:2)
  A shadow (D:10)
  A wraith (D:13)
  A vampire (D:10)
  2 wyverns
  A human (shapeshifter) (D:9)
  5 yaks (D:10)
  A basilisk (D:9)
  2 steam dragons
  4 vampire mosquitoes (D:10)
  Menkaure (D:7)
  5 acid dragons
  Edmund (D:6)
  2 swamp drakes (D:10)
  2 ice beasts
  2 sky beasts
  8 orc warriors
  2 centaurs
  An ogre (D:5)
  3 kobold brigands
  2 scorpions
  8 wights
  12 killer bees
  A howler monkey (D:6)
  3 jellies
  6 hounds
  5 orc priests
  Crazy Yiuf (D:7)
  Jessica (D:3)
  2 gnoll boudas
  An iguana (D:6)
  Terence (D:2)
  Natasha (thrice) (D:2)
  7 orc wizards
  Robin (D:3)
  10 gnolls
  5 adders
  A shadow imp (D:6)
  A white imp (D:6)
  A howler monkey simulacrum (D:9)
  3 ufetubi
  A worm (D:2)
  4 dart slugs
  40 orcs
  9 ball pythons
  4 bats
  5 endoplasms
  6 giant cockroaches
  21 goblins
  8 hobgoblins
  3 quokkas
  2 frilled lizards
  A goblin skeleton (D:9)
  15 kobolds
  5 rats
  A spectral orc (D:10)
269 creatures vanquished.

Vanquished Creatures (others)
  3 kobolds (D:6)
3 creatures vanquished.

Grand Total: 272 creatures vanquished

Table legend:
 A = Non-vault XP
 B = Vault XP
 C = Vault XP percentage of total XP
 D = Non-vault monster count
 E = Vault monster count
 F = Vault count percentage of total count
                 A         B        C        D         E       F
            +---------+---------+-------+---------+---------+-------
      Total |   15205 |    8907 |  36.9 |     200 |      69 |  25.7
            +---------+---------+-------+---------+---------+-------
        D:1 |      32 |       0 |   0.0 |      17 |       0 |   0.0
        D:2 |      93 |     302 |  76.5 |      12 |       3 |  20.0
        D:3 |     119 |      76 |  39.0 |      27 |      14 |  34.1
        D:4 |     403 |       0 |   0.0 |      21 |       0 |   0.0
        D:5 |     210 |     290 |  58.0 |      15 |       3 |  16.7
        D:6 |     620 |     520 |  45.6 |      13 |       7 |  35.0
        D:7 |    1055 |    1691 |  61.6 |      23 |       5 |  17.9
        D:8 |    2036 |       7 |   0.3 |       4 |       4 |  50.0
        D:9 |    1141 |    1181 |  50.9 |      20 |       5 |  20.0
       D:10 |    3402 |     962 |  22.0 |      22 |       8 |  26.7
       D:11 |    2606 |       0 |   0.0 |      19 |       0 |   0.0
       D:13 |    1799 |    2013 |  52.8 |       4 |       3 |  42.9
       D:14 |    1689 |       0 |   0.0 |       3 |       0 |   0.0
     Bailey |       0 |    1865 | 100.0 |       0 |      17 | 100.0
            +---------+---------+-------+---------+---------+-------

Skill      XL: |  1  2  3  4  5  6  7  8  9 10 11 |
---------------+----------------------------------+-----
Short Blades   | 1 2 3 4 5 7 8 9 |  9.8
Fighting       | 1 2 3 4 5 6 7 |  7.7
Stealth        | 3 4 5 6 7 8 |  8.3
Hexes          | 4 5 7 8 9 11 | 11.2
Spellcasting   | 3 4 5 6 7 |  7.2
Dodging        | |  1.7

Action                     |  1- 3 |  4- 6 |  7- 9 | 10-12 || total
---------------------------+-------+-------+-------+-------++-------
  Melee: Dagger            |   108 |    59 |       |       ||   167
         Punch             |     3 |       |     2 |     4 ||     9
         Short sword       |       |   101 |   236 |     4 ||   341
         Touch             |       |       |    63 |    65 ||   128
         Rapier            |       |       |     9 |   326 ||   335
   Cast: Ensorcelled Hiber |     8 |    13 |    43 |    33 ||    97
         Confusing Touch   |       |     2 |    10 |     3 ||    15
    Use: Scroll            |     3 |     5 |    11 |     5 ||    24
         Potion            |     1 |       |       |     3 ||     4
   Stab: Sleeping          |     8 |    14 |    29 |    21 ||    72
         Distracted        |     1 |       |       |       ||     1
         Confused          |       |     5 |     7 |     1 ||    13
 Armour: Robe              |    59 |    78 |    50 |       ||   187
         Steam dragon scal |       |       |    71 |    70 ||   141
         Ring mail         |       |       |       |   264 ||   264
  Dodge: Dodged            |    56 |    86 |    99 |   239 ||   480
  Block: Other             |    11 |    26 |    27 |    71 ||   135

Illustrated notes

Table legend:
 A = Kills in this place as a percentage of kills in the entire game.
 B = Kills by you in this place as a percentage of kills by you in the entire game.
 C = Kills by friends in this place as a percentage of kills by friends in the entire game.
 D = Other kills in this place as a percentage of other kills in the entire game.
 E = Experience gained in this place as a percentage of experience gained in the entire game.
 F = Experience gained in this place divided by the number of levels of this place that you have seen.
                   A       B       C       D       E      F
               +-------+-------+-------+-------+-------+----------------------
         Total | 100.0 | 100.0 |   N/A | 100.0 | 100.0 | 1607.5
       Dungeon |  93.7 |  93.7 |   N/A | 100.0 |  92.3 | 1711.3
        Bailey |   6.3 |   6.3 |   N/A |   0.0 |   7.7 | 1865.0
               +-------+-------+-------+-------+-------+----------------------

Table legend: (Time is in decaauts)
 A = Elapsed time spent in this place.
 B = Non-inter-level travel time spent in this place.
 C = Inter-level travel time spent in this place.
 D = Time resting spent in this place.
 E = Time spent auto-exploring this place.
 F = Levels seen in this place.
 G = Mean time per level.
                   A        B        C        D        E       F      G
               +--------+--------+--------+--------+--------+-----+--------+
         Total |  12418 |  11867 |    551 |    818 |   8893 |  15 |  827.9 |
       Dungeon |  11670 |  11168 |    502 |    716 |   8491 |  13 |  897.7 |
        Temple |     50 |      1 |     49 |      0 |      0 |   1 |   50.0 |
        Bailey |    697 |    697 |      0 |    102 |    402 |   1 |  697.0 |
               +--------+--------+--------+--------+--------+-----+--------+

Top non-repeatable levels by time:
     D:7: 1479 daAuts
     D:2: 1341 daAuts
     D:4: 1162 daAuts
     D:6: 1086 daAuts
    D:10: 1005 daAuts
     D:9: 912 daAuts
    D:11: 884 daAuts
     D:1: 832 daAuts
     D:5: 759 daAuts
     D:3: 737 daAuts
  Bailey: 697 daAuts
     D:8: 691 daAuts
    D:14: 564 daAuts
    D:13: 213 daAuts
  Temple: 50 daAuts
